 Dungeon Crawl Stone Soup version 0.30-a0-830-gfe289a77b0 (webtiles) character file.

Game seed: 7408703606673503646

15204 cforsyth the Covert (level 12, -4/72 HPs)
             Began as a Kobold Brigand on Mar 1, 2023.
             Was a Priest of Hepliaklqana.
             Killed from afar by Frances (10 damage)
             ... with a shard of ice
             ... on level 12 of the Dungeon.
             The game lasted 00:16:53 (15309 turns).

cforsyth the Covert (Kobold Brigand)               Turns: 15309, Time: 00:16:53

Health: -4/72      AC: 22    Str:  8    XL:     12   Next: 54%
Magic:  3/3        EV:  4    Int: 17    God:    Hepliaklqana [***...]
Gold:   769        SH:  0    Dex: 19    Spells: 11/11 levels left

rFire   + + .      SeeInvis +    n - +4 rapier "Umpuakk" {heavy, Will+}
rCold   . . .      Faith    .    (no shield)
rNeg    . . .      Spirit   .    E - +7 plate armour of the Cobbler {Rampage rF++ MP-9 Int+4 SInv}
rPois   .          Reflect  .    G - +1 hat {Will+}
rElec   .          Harm     .    c - +1 cloak
rCorr   .          Rampage  +    (no gloves)
Will    ++...                    (no boots)
Stlth   ++                       (no amulet)
HPRegen 0.32/turn                (no ring)
MPRegen 0.08/turn                (no ring)

@: no status effects
A: reduced essence, small, no large weapons, nightstalker 3, clumsy 1
a: Renounce Religion, Recall Ancestor, Ancestor Identity, Transference


You were on level 12 of the Dungeon.
You worshipped Hepliaklqana.
Hepliaklqana was most pleased with you.
You visited 2 branches of the dungeon, and saw 13 of its levels.

You collected 769 gold pieces.

Inventory:

Hand Weapons
 a - a +2 dagger
 n - the +4 rapier "Umpuakk" (weapon) {heavy, Will+}
   (You found it on level 7 of the Dungeon)

   Will:      It increases your willpower.
 B - a +6 dagger
Missiles
 d - 40 poisoned darts (quivered)
 e - 3 curare-tipped darts
 u - a throwing net
Armour
 b - a +0 robe
 c - a +1 cloak (worn)
 E - the +7 plate armour of the Cobbler (worn) {Rampage rF++ MP-9 Int+4 SInv}
   (You found it on level 8 of the Dungeon)

   Int:       It affects your intelligence (+4).
   rF:        It greatly protects you from fire.
   MP:        It affects your magic capacity (-9).
   SInv:      It lets you see invisible.
   Rampage:   It bestows one free step when moving towards enemies.
 G - a +1 hat of willpower (worn)
Jewellery
 t - a ring of see invisible
Wands
 h - a wand of paralysis (4)
 p - a wand of flame (30)
 r - a wand of polymorph (21)
 v - a wand of acid (18)
 C - a wand of roots (8)
 D - a wand of digging (4)
 H - a wand of mindburst (7)
Scrolls
 i - 2 scrolls of fog
 m - 2 scrolls of blinking
 o - 4 scrolls of identify
 y - a scroll of silence {unknown}
 z - 2 scrolls of fear
 I - a scroll of brand weapon {unknown}
Potions
 f - 4 potions of might
 g - a potion of ambrosia {unknown}
 j - a potion of brilliance
 k - 7 potions of curing
 l - 3 potions of heal wounds
 q - 2 potions of attraction
 s - a potion of resistance {unknown}
 w - 2 potions of cancellation
 x - 2 potions of degeneration
 A - 3 potions of flight
 F - a potion of haste


   Skills:
 + Level 11.5 Fighting
 - Level 11.0(12.1) Short Blades
 + Level 5.1(6.9) Long Blades
 - Level 2.1 Throwing
 + Level 5.1 Armour
 - Level 9.9 Dodging
 - Level 12.7 Stealth


You had 11 spell levels left.
You didn't know any spells.
Your spell library contained the following spells:

 Spells                   Type           Power      Damage    Failure   Level
 Slow                     Hex            0%         N/A       100%        1
 Scorch                   Fire           0%         2d5       100%        2
 Sublimation of Blood     Necr           0%         N/A       100%        2
 Confusing Touch          Hex            0%         N/A       100%        3
 Tukima's Dance           Hex            0%         N/A       100%        3
 Vampiric Draining        Necr           0%         2d6       100%        3
 Flame Wave               Conj/Fire      0%         2d4       100%        4
 Passage of Golubria      Tloc           0%         N/A       100%        4
 Petrify                  Tmut/Erth      0%         N/A       100%        4
 Irradiate                Conj/Tmut      0%         3d11      100%        5
 Yara's Violent Unravell  Hex/Tmut       0%         3d3       100%        5
 Summon Cactus Giant      Summ           0%         N/A       100%        6


Dungeon Overview and Level Annotations

Branches:
Dungeon (12/15)            Temple (1/1) D:5            Lair (0/5) D:8
    Orc (0/2) D:10

Altars:
Ashenzari
Cheibriados
Dithmenos
Elyvilon
Fedhas
Gozag
Hepliaklqana
Kikubaaqudgha
Makhleb
Nemelex Xobeh
Okawaru
Qazlal
Ru
Sif Muna
Trog
Uskayaw
Vehumet
Wu Jian
Xom
Yredelemnul
Zin
The Shining One

Annotations:
D:4 1 runed translucent door, Crazy Yiuf
D:12 Frances


Innate Abilities, Weirdness & Mutations

Your life essence is reduced to manifest your ancestor. (-10% HP)
You are small and have problems with some larger weapons.
You are completely attuned to the shadows.
You are clumsy. (Dex -2)


Message History

A wraith is nearby!
You rampage towards the wraith!
You hit the wraith but do no damage. The wraith barely misses you.
You barely miss the wraith.
Teicuih points at the wraith and mumbles some strange words.
The wraith appears confused.
You hit the wraith.
The wraith is lightly damaged.
Teicuih hits the wraith with a +0 dagger of draining.
You strike the helpless wraith from behind!
You spit the wraith like a pig!!!
You destroy the wraith!
No target in view!
No target in view!
No target in view!
No target in view!
No target in view!
No target in view!
You now have 769 gold pieces (gained 8).
Frances, Duchess of Pandemonium comes into view.
She is wielding a +0 trident.
Frances shouts!
Frances is nearby!
Frances is nearby!
Frances is nearby!
You rampage towards Frances!
Found a potion of mutation.
Frances hits you with a +0 trident!!
Frances hits you from afar with a +0 trident!
Unknown command.
Frances hits you but does no damage.
You swap places.
Frances hits you with a +0 trident!!
* * * LOW HITPOINT WARNING * * *
You hit Frances but do no damage. Frances hits you with a +0 trident!
* * * LOW HITPOINT WARNING * * *
You swap places.
Frances mutters in a terrible tongue.
The iron shot hits Teicuih!!!
Teicuih is destroyed!
Frances chants phrases taken from a devil's mouth.
The shard of ice hits you!
You die...

### ## #.# .)
#####.### ..
.!..@...# ..
#######@# ..
#....##### #.
#.###....# #### ##
#.###.#.## .... ...
.......# ########
##.#####.###
..##...# .........#
#.##R#.#.####.#####
#.##.#.#......#


You could see Frances.

Vanquished Creatures
  Erica (D:10)
  A tengu warrior (D:8)
  2 ugly things
  4 cyclopes
  Maurice (D:9)
  A gargoyle (D:11)
  A rime drake (D:8)
  An unseen horror (D:11)
  A kobold demonologist (D:10)
  A troll (D:10)
  A hornet (D:10)
  3 wraiths
  2 wyverns
  3 yaks (D:10)
  A vampire (D:9)
  Grum (D:10)
  7 vampire mosquitoes (D:11)
  Edmund (D:4)
  2 ice beasts
  A black bear (D:6)
  2 orc warriors
  4 wolves
  3 ogres
  5 centaurs
  2 phantoms (D:5)
  A kobold brigand (D:9)
  A necrophage (D:4)
  A gnoll sergeant (D:7)
  5 wights (D:9)
  2 electric eels (D:9)
  5 howler monkeys
  4 hounds
  9 orc priests
  4 jellies (D:6)
  Jessica (D:3)
  5 iguanas
  Natasha (thrice) (D:3)
  6 orc wizards
  16 gnolls
  9 adders
  4 white imps (D:7)
  3 worms
  2 dart slugs
  28 orcs
  A bat (D:1)
  9 endoplasms
  6 giant cockroaches
  5 goblins
  7 hobgoblins
  11 kobolds
  3 quokkas
  5 ball pythons
  5 frilled lizards
  6 rats
219 creatures vanquished.

Vanquished Creatures (collateral kills)
  Gastronok (D:10)
  A tengu warrior (D:11)
  Nergalle (D:11)
  A polar bear (D:8)
  A basilisk (D:11)
  2 steam dragons
  A vampire mosquito (D:8)
  An orc warrior (D:10)
  2 sky beasts (D:8)
  4 ice beasts
  A wolf (D:8)
  2 centaurs (D:11)
  A necrophage (D:7)
  A gnoll sergeant (D:9)
  A gnoll bouda (D:8)
  2 orc wizards
  3 gnolls
  6 orcs
  A kobold (D:9)
33 creatures vanquished.

Vanquished Creatures (others)
  5 hexers
  3 ancestors
  25 plants (D:3)
33 creatures vanquished.

Grand Total: 285 creatures vanquished

Notes
Turn   | Place    | Note
-------+----------+-------------------------------------------
     0 | D:1      | cforsyth the Kobold Brigand began the quest for the Orb.
     0 | D:1      | Reached XP level 1. HP: 12/12 MP: 1/1
   240 | D:1      | Reached XP level 2. HP: 18/18 MP: 2/2
   558 | D:1      | Reached XP level 3. HP: 22/22 MP: 3/3
   983 | D:2      | Found a faded altar of an unknown god.
  1771 | D:3      | Reached XP level 4. HP: 27/27 MP: 4/4
  1892 | D:3      | Reached skill level 6 in Stealth
  1927 | D:3      | Found a shimmering blue altar of Sif Muna.
  1970 | D:3      | Reached XP level 5. HP: 32/32 MP: 5/5
  2186 | D:3      | Noticed Jessica
  2190 | D:3      | Killed Jessica
  2466 | D:3      | Noticed Natasha
  2470 | D:3      | Killed Natasha
  2590 | D:3      | Noticed Natasha
  2673 | D:3      | Killed Natasha
  2674 | D:3      | Reached XP level 6. HP: 14/38 MP: 6/6
  3249 | D:3      | Noticed Natasha
  3263 | D:3      | Killed Natasha
  3942 | D:4      | Reached skill level 7 in Stealth
  4096 | D:4      | Noticed Edmund
  4100 | D:4      | Killed Edmund
  4101 | D:4      | Reached skill level 5 in Short Blades
  4101 | D:4      | Reached XP level 7. HP: 44/44 MP: 7/7
  4481 | D:4      | Found a runed translucent door.
  4484 | D:4      | Noticed Crazy Yiuf
  4523 | D:5      | Entered Level 5 of the Dungeon
  4877 | D:5      | Reached skill level 8 in Stealth
  4877 | D:5      | Reached XP level 8. HP: 38/48 MP: 8/8
  5238 | D:5      | Reached skill level 5 in Dodging
  5240 | D:5      | Reached skill level 5 in Fighting
  5453 | D:5      | Found a staircase to the Ecumenical Temple.
  5492 | Temple   | Entered the Ecumenical Temple
  5742 | Temple   | Became a worshipper of Hepliaklqana the Forgotten
  5884 | D:5      | Found a sparkling altar of Nemelex Xobeh.
  6248 | D:6      | Found an iron altar of Okawaru.
  6432 | D:6      | Found a broken altar of Ashenzari.
  6452 | D:6      | Reached skill level 9 in Stealth
  6576 | D:6      | Reached * piety under Hepliaklqana
  6640 | D:6      | Found a radiant altar of Vehumet.
  6761 | D:7      | Reached XP level 9. HP: 49/49 MP: 9/9
  7072 | D:7      | You fall into a shaft and drop 3 floors!
  7072 | D:10     | Entered Level 10 of the Dungeon
  7096 | D:10     | Noticed Erica
  7100 | D:10     | Killed Erica
  7101 | D:10     | Reached skill level 10 in Stealth
  7113 | D:10     | Noticed Grum
  7115 | D:10     | Noticed a kobold demonologist
  7120 | D:10     | Noticed a hornet
  7419 | D:10     | Noticed a troll
  7922 | D:9      | Noticed a red ugly thing
  8237 | D:9      | Reached XP level 10. HP: 34/56 MP: 10/10
  8822 | D:9      | Noticed Maurice
  8826 | D:9      | Killed Maurice
  8827 | D:9      | Reached skill level 11 in Stealth
  8835 | D:8      | Reached ** piety under Hepliaklqana
  8836 | D:8      | Remembered your ancestor Teicuih as a hexer
  8945 | D:8      | Gained mutation: You are clumsy. (Dex -2) [potion of
                  | mutation]
  9160 | D:8      | Found a staircase to the Lair.
  9230 | D:8      | Reached skill level 10 in Short Blades
  9411 | D:8      | Noticed a rime drake
  9424 | D:8      | Killed a rime drake
  9425 | D:8      | Reached skill level 12 in Stealth
  9680 | D:8      | Noticed a tengu warrior
  9684 | D:8      | Killed a tengu warrior
  9685 | D:8      | Reached XP level 11. HP: 62/62 MP: 11/11
  9851 | D:8      | Noticed a cyclops
  9926 | D:8      | Killed a cyclops
  9978 | D:8      | Found a glowing silver altar of Zin.
 10005 | D:8      | Found a hide-covered altar of Uskayaw.
 10040 | D:8      | Identified the +7 plate armour of the Cobbler {Rampage rF++
                  | MP-9 Int+4 SInv}
 10191 | D:8      | Found a basalt altar of Yredelemnul.
 10845 | D:7      | Identified the +4 rapier "Umpuakk" {heavy, Will+}
 11758 | D:9      | Killed a red ugly thing
 11759 | D:9      | Reached skill level 1 in Long Blades
 11759 | D:9      | Reached skill level 1 in Armour
 11885 | D:9      | Found a snail-covered altar of Cheibriados.
 11970 | D:9      | Found a bloodstained altar of Trog.
 12149 | D:9      | Found a white marble altar of Elyvilon.
 12487 | D:9      | Found a blossoming altar of Fedhas.
 12784 | D:10     | Noticed Gastronok
 12791 | D:10     | Killed Gastronok
 12792 | D:10     | Reached skill level 10 in Fighting
 12951 | D:10     | Found a staircase to the Orcish Mines.
 13050 | D:10     | Found a stormy altar of Qazlal.
 13083 | D:10     | Reached *** piety under Hepliaklqana
 13108 | D:10     | Identified the +0 chain mail "Eteckarch" {rF+++ Will-
                  | Regen+ Dex-3}
 13299 | D:10     | Killed Grum
 13686 | D:11     | Noticed a cyclops
 13688 | D:11     | Killed a cyclops
 13726 | D:11     | Reached XP level 12. HP: 65/70 MP: 3/12
 13842 | D:11     | Noticed a tengu warrior
 14180 | D:11     | Noticed Nergalle
 14379 | D:11     | Killed a tengu warrior
 14705 | D:11     | Killed Nergalle
 14780 | D:11     | Reached skill level 5 in Armour
 15157 | D:12     | Reached skill level 5 in Long Blades
 15301 | D:12     | Noticed Frances
 15309 | D:12     | Killed from afar by Frances

Illustrated notes

Levels and vault maps discovered:
D:1:      pf_arrival_petrified_forest, layout_basic
D:2:      layout_basic, hellmonk_ecumenical_altar_run_dry, minivault_19
D:3:      layout_rooms, nicolae_sif_muna_condensation, serial_bayou,
          serial_bayou_pond_e, serial_bayou_crossing, serial_bayou_lagoon_a,
          serial_bayou_lake_a, serial_bayou_shore_a, serial_bayou_pond_d,
          minmay_surrounded, uniq_jessica, uniq_natasha
D:4:      wad_pebble_path, layout_gridville, minmay_misc_feat_columns,
          chequers_garden, minmay_misc_feat_four_crosses, uniq_edmund,
          uniq_crazy_yiuf_cottage
D:5:      layout_gridville, lemuel_crystal_altar,
          minmay_temple_entry_glassed_door
D:6:      layout_cave_pools, general_overflow_altar, kennysheep_mini_moat,
          cheibrodos_ashenzari_chains, small_statue_intersection
D:7:      layout_basic
D:8:      minmay_diamond_stairs, layout_cave_pods, kennysheep_mini,
          mainiacjoe_overflow_tiny_flanked, mainiacjoe_overflow_paths,
          hellmonk_lair_entry_icy, minmay_misc_feat_doors, moated_statue,
          nicolae_concentric_dashed_squares_mild
D:9:      layout_basic, mainiacjoe_overflow_boulevard, elyvilon_altar_4,
          fedhas_altar_fruit_tree, lemuel_doored_altar, uniq_maurice
D:10:     cheibrodos_helix_gallery, layout_loops_cross, lemuel_round_altar,
          orc_0_dummy, uniq_erica, uniq_grum, uniq_gastronok
D:11:     layout_cave_pools, uniq_nergalle
D:12:     layout_basic, grunt_ogre_cave, trog_hazing_becter, uniq_frances
Temple:   grunt_temple_mini_profane

Skill      XL: |  1  2  3  4  5  6  7  8  9 10 11 12 |
---------------+-------------------------------------+-----
Short Blades   | 3 4 5 6 7 9 10 11 | 11.0
Dodging        | 2 3 4 6 7 9 |  9.9
Fighting       | 3 4 6 7 8 10 11 | 11.5
Stealth        | 6 7 8 9 10 12 | 12.7
Long Blades    | 3 5 |  5.1
Armour         | 3 5 |  5.1
Throwing       | |  2.1

Action                     |  1- 3 |  4- 6 |  7- 9 | 10-12 || total
---------------------------+-------+-------+-------+-------++-------
  Melee: Dagger            |    59 |   146 |   255 |   322 ||   782
         Punch             |       |     3 |     4 |     8 ||    15
         Rapier            |       |       |       |   210 ||   210
 Invoke: Recall Ancestor   |       |       |     1 |       ||     1
         Ancestor Life: He |       |       |       |     1 ||     1
    Use: Scroll            |       |     4 |     8 |     4 ||    16
         Potion            |       |       |     3 |     9 ||    12
   Stab: Sleeping          |    27 |    21 |    37 |     9 ||    94
         Distracted        |       |     1 |       |     6 ||     7
         Confused          |       |       |       |     9 ||     9
 Armour: Robe              |     7 |    11 |    12 |    16 ||    46
         Skin              |       |       |     2 |    28 ||    30
         Plate armour      |       |       |       |   210 ||   210
  Dodge: Dodged            |    24 |    62 |   162 |   216 ||   464

Table legend: (Time is in decaauts)
 A = Elapsed time spent in this place.
 B = Non-inter-level travel time spent in this place.
 C = Inter-level travel time spent in this place.
 D = Time resting spent in this place.
 E = Time spent auto-exploring this place.
 F = Levels seen in this place.
 G = Mean time per level.
                   A        B        C        D        E       F      G
               +--------+--------+--------+--------+--------+-----+--------+
         Total |  15110 |  14622 |    488 |   2708 |   9791 |  13 | 1162.3 |
       Dungeon |  14835 |  14392 |    443 |   2708 |   9570 |  12 | 1236.2 |
        Temple |    274 |    229 |     45 |      0 |    221 |   1 |  274.0 |
               +--------+--------+--------+--------+--------+-----+--------+

Top non-repeatable levels by time:
     D:9: 2150 daAuts
    D:10: 2031 daAuts
     D:8: 1677 daAuts
     D:3: 1581 daAuts
     D:5: 1265 daAuts
    D:11: 1252 daAuts
     D:4: 1218 daAuts
     D:7: 1105 daAuts
     D:2: 1033 daAuts
     D:1: 783 daAuts
     D:6: 576 daAuts
  Temple: 274 daAuts
    D:12: 159 daAuts
